Map: Ephemeron LE

Players

levenpeven - Winner!

  • Race: Terran Terran
  • Spawn Location: 11:00

A.I. 1 (Elite)

  • Race: Zerg Zerg
  • Spawn Location: 5:00

VOD

Have the link to the VOD?

Description

It uses two Racks and a Factory.
If you get rushed by the zerg, hide behind your wall-off and attack after the army is taken care of.
If you do not get rushed, attack at 4 mins, optimally you should have around 6 hellions out by then.

Optional: Send a worker to build a Supply Depot in the zergs natural. It will (obviously) buy some time for your hellions. The time makes up for the cost.

Time

  • Played on: Feb. 9, 2020, 4:07 p.m.
  • Length: 5:53
Show
View Real Time Build Order
Export as new Build Order

levenpeven Terran - Winner!

Build Orders: Hellion Opening 

Get SALT Encoding   

  12  0:00  SCV  
  13  0:13  SCV  
  14  0:18  Supply Depot  
  14  0:25  SCV  
  15  0:30  Refinery  
  15  0:40  SCV  
  16  0:46  Barracks  
  16  0:52  SCV  
  17  1:04  SCV  
  18  1:09  Barracks  
  18  1:16  SCV  
  19  1:21  Supply Depot  
  19  1:28  Refinery  
  19  1:37  SCV  
  20  1:46  Factory  
  20  1:49  SCV  
  20  1:53  Barracks Reactor  
  21  1:58  Barracks Tech Lab  
  21  2:02  SCV  
  22  2:14  Supply Depot  
  22  2:16  SCV  
  22  2:20  Marauder  
  25  2:35  SCV  
  26  2:41  Barracks Reactor  
  26  2:42  Hellion x2  
  30  2:51  Marauder  
  32  3:04  Hellion x2  
  36  3:06  Concussive Shells  
  36  3:12  Marauder  
  38  3:19  Marine x2  
  39  3:37  Supply Depot  
  39  3:58  Marine x2  
  39  3:59  Hellion x2, Supply Depot  
  39  4:00  Marauder  
  43  4:29  Marine x2  
  43  4:31  Marauder  
  47  4:32  Hellion x2  
  46  4:53  Hellion x2  
  46  4:54  Marine x2  
  46  4:57  Marauder  
  54  5:12  Marine x2  
  54  5:25  Supply Depot  
Show
View Real Time Build Order
Export as new Build Order

A.I. 1 (Elite) Zerg 

Build Orders: Pool First, Zergling Baneling 

Get SALT Encoding   

  12  0:00  Drone  
  13  0:08  Drone  
  14  0:17  Overlord  
  14  0:35  Spawning Pool  
  13  0:36  Extractor  
  13  0:38  Drone  
  13  0:43  Drone  
  13  0:47  Drone  
  15  1:21  Queen, Zergling x6  
  20  1:43  Hatchery  
  19  1:48  Drone  
  21  1:54  Zergling x2  
  21  2:00  Zergling x2  
  22  2:11  Overlord  
  22  2:22  Baneling Nest  
  21  2:25  Drone  
  22  2:31  Zergling x2  
  22  2:36  Zergling x2  
  24  2:41  Zergling x2  
  25  2:46  Zergling x2  
  26  3:06  Baneling  
  26  3:08  Zergling x2  
  27  3:19  Overlord  
  27  3:23  Zergling x2  
  28  3:28  Zergling x2  
  28  3:33  Zergling x2  
  30  3:36  Zergling x2  
  30  3:40  Zergling x2, Baneling  
  30  3:41  Baneling  
  26  3:44  Baneling x2  
  26  3:45  Zergling x2  
  26  3:48  Baneling x2  
  24  3:49  Zergling x2  
  24  3:52  Baneling  
  24  3:54  Zergling x2  
  26  3:58  Zergling x2  
  27  4:03  Zergling x2  
  27  4:08  Zergling x2  
  27  4:12  Zergling x2  
  27  4:13  Baneling  
  26  4:18  Zergling x2  
  26  4:19  Baneling  
  26  4:24  Drone  
  20  4:41  Roach Warren  
  17  4:47  Drone  
  17  4:51  Drone  
  18  4:58  Drone  
  18  5:05  Zergling x2  
  19  5:20  Roach  
  17  5:40  Drone  
Tags
 
Add a new tag
Caveats
  • Supply blocks, unpowered buildings, or Contaminate may cause inaccurate times.
  • Supply counts are checked every 10 seconds.